 Dungeon Crawl Stone Soup version 0.25-a0-516-g7d600cd (webtiles) character file.

Game seed: 5878756381921763716, levelgen mode: deterministic

22603 15 the Changer (level 12, -16/100 HPs)
             Began as a Yellow Draconian Transmuter on Feb 15, 2020.
             Was a Priest of Qazlal.
             Demolished by Snorg (22 damage)
             ... on level 12 of the Dungeon on Feb 16, 2020.
             The game lasted 01:30:27 (15037 turns).

15 the Changer (Yellow Draconian Transmuter)       Turns: 15037, Time: 01:30:28

Health: -16/100    AC: 13    Str: 15    XL:     12   Next: 64%
Magic:  18/23      EV: 15    Int: 17    God:    Qazlal [***...]
Gold:   2225       SH:  4    Dex: 11    Spells: 1/26 levels left

rFire    . . .     SeeInvis +     - Unarmed
rCold    . . .     Gourm    .   (no shield)
rNeg     . . .     Faith    .   (armour unavailable)
rPois    .         Spirit   .   (helmet restricted)
rElec    .         Reflect  .   (no cloak)
rCorr    +         Harm     .   B - +0 pair of gloves
MR       .....                  l - +0 pair of boots
Stlth    +.........             g - amulet of rage
HPRegen  0.26/turn              f - ring of see invisible
MPRegen  0.18/turn              r - +3 ring of protection

@: studying Fighting
A: spit acid, unfitting armour, cold-blooded, acid resistance, AC +8
a: Breathe Acid, Upheaval, Elemental Force, Renounce Religion, Evoke Berserk
Rage


You were on level 12 of the Dungeon.
You worshipped Qazlal.
Qazlal was most pleased with you.
You were not hungry.

You visited 2 branches of the dungeon, and saw 14 of its levels.

You collected 2685 gold pieces.
You spent 460 gold pieces at shops.

Inventory:

Hand Weapons
 j - a +4 scimitar of flaming
 n - a +4 battleaxe of freezing
 q - the +2 war axe "Dameich" {drain, rN+}
   (You found it on level 12 of the Dungeon)

   A truly terrible weapon, it drains the life of those it strikes.
   It protects you from negative energy.
 A - the +10 spear "Wokh" {freeze, +Blink Int+5}
   (You found it on level 9 of the Dungeon)

   It has been specially enchanted to freeze those struck by it, causing extra
   injury to most foes and up to half again as much damage against particularly
   susceptible opponents.
   It can also slow down cold-blooded creatures.
   It affects your intelligence (+5).
   It lets you blink.
 H - the +7 short sword "Roacwep" {vorpal, Dex+2}
   (You found it on level 11 of the Dungeon)

   It inflicts extra damage upon your enemies.
   It affects your dexterity (+2).
Missiles
 a - 244 arrows
Armour
 l - a +0 pair of boots (worn)
 B - a +0 pair of gloves (worn)
Magical Staves
 G - an uncursed staff of summoning
Jewellery
 f - a ring of see invisible (left hand)
 g - an amulet of rage (around neck)
 r - a +3 ring of protection (right hand)
 C - an uncursed ring of flight
 E - a +3 ring of protection
Wands
 v - a wand of random effects (1)
 w - a wand of digging (10)
 x - a wand of polymorph (2)
 y - a wand of enslavement (2)
Scrolls
 b - 2 scrolls of enchant weapon
 d - 3 scrolls of amnesia
 e - 2 scrolls of fog
 m - 2 scrolls of identify
 p - 4 scrolls of remove curse
 s - a scroll of magic mapping
 z - 3 scrolls of enchant armour
Potions
 h - 2 potions of flight
 k - a potion of magic
 o - 2 potions of cancellation
 t - 2 potions of berserk rage
 u - 4 potions of curing
 D - 3 potions of lignification
Books
 F - a manual of Fighting
Miscellaneous
 I - a box of beasts
Comestibles
 c - 21 rations
 i - 10 chunks of flesh


   Skills:
 * Level 7.4 Fighting
 + Level 3.8 Polearms
 * Level 6.6 Dodging
 - Level 0.3 Stealth
 + Level 7.6 Unarmed Combat
 * Level 7.5 Spellcasting
 * Level 1.2 Conjurations
 + Level 5.6 Charms
 + Level 3.4 Necromancy
 * Level 7.8 Transmutations
 * Level 5.7 Ice Magic
 * Level 5.4 Earth Magic
 + Level 0.5 Poison Magic
 * Level 6.2 Invocations
 * Level 6.0 Evocations


You had one spell level left.
You knew the following spells:

 Your Spells              Type           Power        Failure   Level  Hunger
a - Beastly Appendage     Tmut           ####..       1%          1    None
b - Sticks to Snakes      Tmut           ####....     1%          2    None
c - Spider Form           Tmut/Pois      ###.......   6%          3    ##.....
d - Infusion              Chrm           ####         1%          1    None
e - Passwall              Tmut/Erth      ####....     1%          2    None
f - Ice Form              Ice/Tmut       ####....     7%          4    ####...
g - Song of Slaying       Chrm           ####....     1%          2    None
h - Vampiric Draining     Necr           ###.......   8%          3    ##.....
i - Mephitic Cloud        Conj/Pois/Air  #.......     26%         3    ##.....
j - Petrify               Tmut/Erth      ####....     7%          4    ####...

Your spell library contained the following spells:

 Spells                   Type           Power        Failure   Level  Hunger
 Sandblast                Erth           ####..       1%          1    None
 Sting                    Tmut/Pois      ###.         1%          1    None
 Animate Skeleton         Necr           N/A          2%          1    None
 Pain                     Necr           ###.         2%          1    None
 Ozocubu's Armour         Chrm/Ice       ####....     3%          3    ##.....
 Ensorcelled Hibernation  Hex/Ice        ###...       5%          2    None
 Shroud of Golubria       Chrm/Tloc      ###...       5%          2    None
 Stone Arrow              Conj/Erth      ###...       9%          3    ##.....
 Ignite Poison            Fire/Tmut/Pois ###.....     11%         3    ##.....
 Spectral Weapon          Hex/Chrm       ###.....     11%         3    ##.....
 Blade Hands              Tmut           ####......   12%         5    #####..
 Poisonous Vapours        Pois/Air       #.....       14%         2    None
 Animate Dead             Necr           N/A          26%         4    ####...
 Lee's Rapid Deconstruct  Erth           ####......   32%         5    #####..
 Agony                    Necr           ###.....     58%         5    #####..
 Olgreb's Toxic Radiance  Pois           #.......     65%         4    ####...
 Metabolic Englaciation   Hex/Ice        ###.......   67%         5    #####..
 Summon Lightning Spire   Summ/Air       #.......     73%         4    ####...
 Tornado                  Air            #.........   100%        9    #######


Dungeon Overview and Level Annotations

Branches:
Dungeon (13/15)            Temple (1/1) D:4            Lair (0/6) D:10
    Orc (0/2) D:10
 Vaults: D:13-14

Altars:
Ashenzari
Cheibriados
Dithmenos
Elyvilon
Fedhas
Gozag
Hepliaklqana
Kikubaaqudgha
Makhleb
Nemelex Xobeh
Okawaru
Qazlal
Ru
Sif Muna
Trog
Uskayaw
Vehumet
Wu Jian
Xom
Yredelemnul
Zin
The Shining One

Shops:
D:6 %   D:8 *

Annotations:
D:5 1 runed translucent door, pokeman's ghost, novice DEWz
D:11 1 runed translucent door, Erolcha
D:12 Snorg


Innate Abilities, Weirdness & Mutations

You can spit globs of acid.
Your golden yellow scales are hard. (AC +8)
You cannot fit into any form of body armour.
You are cold-blooded and may be slowed by cold attacks.
You are resistant to acid. (rCorr)


Message History

Your water moccasin is engulfed in blazing flames.
Snorg rages.
Snorg bites you! Snorg claws you!
* * * LOW HITPOINT WARNING * * *
Snorg barely misses you.
There is an open door, spattered with blood here.
Unknown command.
Unknown command.
Unknown command.
Unknown command.
Unknown command.
Okay, then.
Okay, then.
Okay, then.
Casting: Sticks to Snakes (safe; 1% risk of failure)
Confirm with . or Enter, or press ? or * to list all spells.
You create a snake!
You now have 244 arrows.
Snorg bites you!
* * * LOW HITPOINT WARNING * * *
Snorg closely misses you. Snorg claws you but does no damage. Snorg bites you!!
You die...

...#......'........# #......(..
...'.######........#####.........
...### #........'<.##.........
...# #....<...##<##......... ...#
#........##..'......... ...#
#........#####......... ...#
#.......S# #......... ...#
#........# #......... ####
#....☼@..# ###'###### ##
#######T## #.# .# #..# #.#### .#
########§### #....# '##
#.......S..# ####.# ..#
#..........# #####.### ..#
#..........# #....^..# ..#
#..........# #.......#
..#########..........# #........


You could see Snorg (berserk), a friendly water moccasin and a friendly adder.

Vanquished Creatures
  A frost giant (D:13)
  Harold (D:7)
  Erica (D:10)
  A hydra (D:12)
  A centaur warrior (D:12)
  A two-headed ogre (D:12)
  3 tengu warriors
  2 unseen horrors (D:10)
  3 ugly things
  A manticore (D:12)
  A wolf spider (D:11)
  A cyclops (D:11)
  Psyche (D:9)
  A komodo dragon (D:12)
  2 kobold demonologists (D:12)
  A troll (D:11)
  Grinder (D:3)
  6 slime creatures
  4 hippogriffs
  A vampire (D:11)
  12 yaks
  A basilisk (D:10)
  A human (D:7)
  4 hogs (D:7)
  2 hungry ghosts
  Menkaure (D:7)
  A soldier ant (D:12)
  2 black bears
  3 ice beasts
  5 orc warriors
  An eye of draining (D:12)
  A phantom (D:11)
  2 necrophages
  10 ogres
  A boggart (D:11)
  6 centaurs
  2 crocodiles (D:9)
  7 big kobolds
  6 bullfrogs
  4 scorpions
  4 killer bees (D:12)
  5 wights (D:7)
  9 crimson imps
  A howler monkey (D:7)
  A hound (D:11)
  3 quasits
  A bullfrog zombie (D:7)
  3 centaur skeletons
  2 jellies
  9 orc priests
  6 orc wizards
  4 bullfrog skeletons
  5 iguanas
  6 worker ants
  2 hound skeletons
  4 gnolls (D:4)
  A howler monkey skeleton (D:8)
  8 adders
  5 shadow imps
  A worker ant simulacrum (D:11)
  2 oozes (D:1)
  An adder skeleton (D:5)
  3 dart slugs
  6 leopard geckos
  45 orcs
  6 bats
  2 giant cockroaches
  4 goblins (D:1)
  3 hobgoblins
  3 jackals
  4 quokkas
  2 ball pythons (D:1)
  5 frilled lizards
  18 kobolds
  A leopard gecko zombie (D:5)
  A quokka skeleton (D:5)
  8 rats
300 creatures vanquished.

Vanquished Creatures (collateral kills)
  An ugly thing (D:11)
  A hippogriff (D:11)
  A hungry ghost (D:9)
  An orc warrior (D:7)
  An ogre (D:8)
  3 scorpions
  An orc priest (D:8)
  An orc wizard (D:8)
  A shadow imp (D:8)
  A worm (D:2)
  A leopard gecko (D:8)
  A goblin (D:2)
14 creatures vanquished.

Vanquished Creatures (others)
  2 yaks (D:9)
  A kobold (D:13)
3 creatures vanquished.

Grand Total: 317 creatures vanquished

Notes
Turn   | Place    | Note
-------+----------+-------------------------------------------
     0 | D:1      | 15 the Draconian Transmuter began the quest for the Orb.
     0 | D:1      | Reached XP level 1. HP: 16/16 MP: 3/3
   159 | D:1      | Reached XP level 2. HP: 12/23 MP: 1/5
   418 | D:1      | Reached XP level 3. HP: 14/28 MP: 6/6
   868 | D:2      | Learned a level 2 spell: Sticks to Snakes
   883 | D:2      | Learned a level 3 spell: Spider Form
  1250 | D:2      | Reached XP level 4. HP: 23/35 MP: 5/7
  1253 | D:2      | Learned a level 1 spell: Infusion
  1517 | D:2      | Found a sparkling altar of Nemelex Xobeh.
  1525 | D:2      | Found an opulent altar of Gozag.
  1530 | D:2      | Found a snail-covered altar of Cheibriados.
  1589 | D:3      | Found an ornate altar of the Wu Jian Council.
  1777 | D:3      | Found a shimmering blue altar of Sif Muna.
  1778 | D:3      | Found a stormy altar of Qazlal.
  1780 | D:3      | Found a hide-covered altar of Uskayaw.
  1780 | D:3      | Found a hazy altar of Hepliaklqana.
  1878 | D:3      | Noticed Grinder
  1880 | D:3      | Paralysed by Grinder for 2 turns
  1889 | D:3      | Paralysed by Grinder for 7 turns
  2119 | D:4      | Found a white marble altar of Elyvilon.
  2412 | D:4      | Reached XP level 5. HP: 41/41 MP: 9/9
  2413 | D:4      | Noticed an ogre
  2434 | D:4      | Killed an ogre
  2437 | D:4      | Reached skill level 1 in Charms
  2437 | D:4      | Reached XP level 6. HP: 48/48 MP: 9/11
  2552 | D:4      | Found a staircase to the Ecumenical Temple.
  2562 | D:4      | Reached skill level 1 in Evocations
  2683 | Temple   | Entered the Ecumenical Temple
  2978 | D:3      | Became a worshipper of Qazlal Stormbringer
  2996 | D:3      | Paralysed by Grinder for 3 turns
  3007 | D:3      | Paralysed by Grinder for 2 turns
  3010 | D:3      | Killed Grinder
  3010 | D:3      | Your scales start taking on a golden yellow colour.
  3010 | D:3      | Reached XP level 7. HP: 46/56 MP: 12/12
  3010 | D:3      | Gained mutation: You are resistant to acid. (rCorr) [Yellow
                  | Draconian growth]
  3844 | D:5      | Entered Level 5 of the Dungeon
  3859 | D:5      | Learned a level 2 spell: Passwall
  3864 | D:5      | Learned a level 4 spell: Ice Form
  3901 | D:5      | Reached skill level 1 in Earth Magic
  3982 | D:5      | Found a runed translucent door.
  4110 | D:5      | Noticed pokeman's ghost (novice DEWz)
  4257 | D:5      | Reached * piety under Qazlal
  4454 | D:6      | Reached XP level 8. HP: 61/63 MP: 12/14
  4459 | D:6      | Reached skill level 1 in Ice Magic
  4540 | D:6      | Reached skill level 1 in Invocations
  4545 | D:6      | Found Sosethuw's Food Shoppe.
  4727 | D:6      | Bought a ration for 70 gold pieces
  4727 | D:6      | Bought a ration for 70 gold pieces
  4727 | D:6      | Bought a ration for 70 gold pieces
  4774 | D:6      | Learned a level 2 spell: Song of Slaying
  4875 | D:6      | Found a shimmering altar of Xom.
  5094 | D:7      | Reached skill level 5 in Unarmed Combat
  5214 | D:7      | Reached ** piety under Qazlal
  5250 | D:7      | Reached XP level 9. HP: 49/70 MP: 5/16
  5690 | D:7      | Noticed Menkaure
  5704 | D:7      | Killed Menkaure
  5973 | D:7      | Identified a scroll of acquirement
  5977 | D:7      | Identified the Compendium of Earthen Moulding (You acquired
                  | it on level 7 of the Dungeon)
  6072 | D:7      | Noticed Harold
  6078 | D:7      | Reached skill level 5 in Transmutations
  6080 | D:7      | Reached skill level 5 in Spellcasting
  6151 | D:7      | Killed Harold
  6151 | D:7      | Reached skill level 5 in Dodging
  6151 | D:7      | Reached XP level 10. HP: 34/80 MP: 7/17
  6397 | D:7      | Learned a level 3 spell: Vampiric Draining
  6509 | D:8      | Found Caulad's General Store.
  6529 | D:8      | Bought a scroll of identify for 30 gold pieces
  6529 | D:8      | Bought a scroll of blinking for 112 gold pieces
  6529 | D:8      | Bought a scroll of teleportation for 45 gold pieces
  6529 | D:8      | Bought 21 arrows for 63 gold pieces
  6548 | D:8      | Found a blossoming altar of Fedhas.
  6548 | D:8      | Found an ancient bone altar of Kikubaaqudgha.
  6993 | D:9      | Reached *** piety under Qazlal
  6997 | D:9      | Noticed Psyche
  7010 | D:9      | Killed Psyche
  7138 | D:9      | Reached skill level 5 in Fighting
  7261 | D:9      | Reached skill level 1 in Necromancy
  7808 | D:9      | Found an iron altar of Okawaru.
  7856 | D:9      | Identified the +10 spear "Wokh" {freeze, +Blink Int+5} (You
                  | found it on level 9 of the Dungeon)
  8034 | D:10     | Entered Level 10 of the Dungeon
  8034 | D:10     | Found a staircase to the Orcish Mines.
  8541 | D:10     | Found a staircase to the Lair.
  8782 | D:10     | You fall into a shaft and drop 2 floors!
  9015 | D:11     | Upgraded the game from 0.25-a0-507-gf66f01b to
                  | 0.25-a0-513-ge77a692
  9053 | D:11     | Noticed Erolcha
  9108 | D:10     | Noticed an unseen horror
  9135 | D:10     | Killed an unseen horror
  9135 | D:10     | Reached skill level 1 in Polearms
  9135 | D:10     | Reached skill level 5 in Evocations
  9135 | D:10     | Reached XP level 11. HP: 28/88 MP: 18/20
  9535 | D:10     | Noticed Erica
  9539 | D:10     | Killed Erica
  9625 | D:10     | Noticed an unseen horror
  9708 | D:10     | Killed an unseen horror
 10152 | D:11     | Reached skill level 5 in Charms
 10311 | D:11     | Noticed a white ugly thing
 10317 | D:11     | Killed a white ugly thing
 10326 | D:11     | Reached skill level 5 in Invocations
 10340 | D:11     | Noticed a wolf spider
 10345 | D:11     | Killed a wolf spider
 10540 | D:11     | Noticed a tengu warrior
 10586 | D:10     | Killed a tengu warrior
 11111 | D:11     | Noticed a brown ugly thing
 11159 | D:11     | Killed a brown ugly thing
 11182 | D:11     | Noticed a tengu warrior
 11222 | D:11     | Killed a tengu warrior
 11590 | D:11     | Found a runed translucent door.
 11594 | D:11     | Noticed a two-headed ogre
 11594 | D:11     | Noticed a tengu warrior
 11646 | D:11     | Identified the Compendium of Feathers and Malediction
 11654 | D:11     | Got a polished short sword
 11658 | D:11     | Identified the +7 short sword "Roacwep" {vorpal, Dex+2}
                  | (You found it on level 11 of the Dungeon)
 11668 | D:11     | Learned a level 3 spell: Mephitic Cloud
 11668 | D:11     | Upgraded the game from 0.25-a0-513-ge77a692 to
                  | 0.25-a0-516-g7d600cd
 12485 | D:11     | Noticed a green ugly thing
 12491 | D:11     | Killed a green ugly thing
 12680 | D:12     | Got a shimmering war axe
 12681 | D:12     | Identified the cursed +2 war axe "Dameich" {drain, rN+}
                  | (You found it on level 12 of the Dungeon)
 12698 | D:12     | Noticed a centaur warrior
 12716 | D:12     | Killed a centaur warrior
 12716 | D:12     | Reached XP level 12. HP: 67/96 MP: 18/22
 12755 | D:12     | Reached skill level 5 in Ice Magic
 12755 | D:12     | Reached skill level 5 in Earth Magic
 13020 | D:12     | Noticed a four-headed hydra
 13047 | D:12     | Killed a four-headed hydra
 13177 | D:12     | Noticed a two-headed ogre
 13254 | D:11     | Reached **** piety under Qazlal
 13866 | D:12     | Killed a two-headed ogre
 13958 | D:12     | Learned a level 4 spell: Petrify
 14495 | D:13     | Noticed a tengu warrior
 14535 | D:13     | Noticed a frost giant
 14893 | D:13     | Killed a frost giant
 14893 | D:13     | Reached skill level 1 in Conjurations
 14957 | D:13     | Killed a tengu warrior
 15000 | D:13     | Noticed Snorg
 15037 | D:12     | Demolished by Snorg

Levels and vault maps discovered:
D:1:      saegor_arrival_simple_c, layout_basic
D:2:      layout_basic, minitemple, moated_statue, nrook_loot_triangle
D:3:      layout_loops_corners, nicolae_overflow_hidden_temple,
          chequers_temple_overflow_statue_of_worship, uniq_grinder
D:4:      layout_basic, overflow_temple_1_default,
          minmay_temple_entry_offerings, first_ration, kennysheep_doodads
D:5:      layout_rooms, gammafunk_ghost_grave, minmay_statues_item
D:6:      layout_basic, overflow_temple_1_default, serial_shops,
          nicolae_shop_waterfront
D:7:      layout_rooms, grunt_livestock, uniq_harold, uniq_menkaure
D:8:      layout_cave_pools, grunt_temple_overflow_growth_and_decay,
          serial_shops, shop
D:9:      layout_gridville, okawaru_ov_weapons_minmay, uniq_psyche
D:10:     layout_grid_maze, david_lair_generic, david_orc_2,
          lightli_fourway_metalbox, uniq_erica
D:11:     minmay_the_grid_triangle_9x9_recursive_2
          [minmay_the_grid_triangle_9x9_prize_center,
          minmay_the_grid_triangle_9x9_dagger,
          minmay_the_grid_triangle_9x9_subtriangle,
          minmay_the_grid_triangle_9x9_flanged_cone], layout_grid_maze,
          minmay_sticks_and_stones, uniq_erolcha
D:12:     layout_roguey, st_stairs_8
D:13:     layout_rooms, kennysheep_just_a_vault, uniq_snorg
Temple:   jpeg_temple_island

Skill      XL: |  1  2  3  4  5  6  7  8  9 10 11 12 |
---------------+-------------------------------------+-----
Dodging        | 2 3 4 5 6 |  6.6
Spellcasting   | 3 4 5 6 7 |  7.5
Fighting       | 2 3 4 5 6 7 |  7.4
Transmutations | 3 4 5 6 7 |  7.8
Charms         | 1 2 3 4 5 |  5.6
Evocations     | 1 2 3 4 5 6 |  6.0
Unarmed Combat | 4 5 6 7 |  7.6
Earth Magic    | 1 2 3 4 5 |  5.4
Ice Magic      | 2 3 4 5 |  5.7
Invocations    | 1 3 4 5 6 |  6.2
Necromancy     | 1 3 |  3.4
Polearms       | 1 2 3 |  3.8
Conjurations   | 1 |  1.2
Stealth        | |  0.3
Poison Magic   | |  0.5

Action                   |  1- 3 |  4- 6 |  7- 9 | 10-12 || total
-------------------------+-------+-------+-------+-------++-------
Melee: Unarmed           |   154 |    76 |   343 |   570 ||  1143
       Tailslap          |    18 |     8 |    38 |    53 ||   117
       Kick              |    11 |     3 |       |       ||    14
       Headbutt          |     2 |     3 |    22 |    52 ||    79
       Punch             |       |     1 |     6 |    24 ||    31
       Spear             |       |       |       |   113 ||   113
 Cast: Beastly Appendage |    17 |     7 |    18 |    33 ||    75
       Sticks to Snakes  |     2 |     8 |    17 |    54 ||    81
       Spider Form       |       |     2 |     5 |     4 ||    11
       Song of Slaying   |       |       |     4 |     1 ||     5
       Infusion          |       |       |     4 |     3 ||     7
       Ice Form          |       |       |       |    24 ||    24
       Vampiric Draining |       |       |       |     1 ||     1
       Mephitic Cloud    |       |       |       |     2 ||     2
       Petrify           |       |       |       |     2 ||     2
Invok: Upheaval          |       |       |     1 |    12 ||    13
 Abil: Breathe Acid      |       |       |    12 |    15 ||    27
       Evoke Berserk Rag |       |       |     2 |     4 ||     6
Evoke: Wand              |       |    15 |    34 |    27 ||    76
  Use: Scroll            |     2 |     3 |    13 |    15 ||    33
       Potion            |     1 |     3 |       |     7 ||    11
 Stab: Sleeping          |       |       |     1 |       ||     1
       Distracted        |       |       |     1 |       ||     1
       Paralysed         |       |       |     2 |       ||     2
       Petrified         |       |       |       |     5 ||     5
       Confused          |       |       |       |     1 ||     1
  Eat: Chunk             |     2 |     6 |    12 |    29 ||    49
       Ration            |       |       |     1 |     6 ||     7
Armor: Skin              |    58 |    15 |   113 |   163 ||   349
Dodge: Dodged            |   118 |    38 |   250 |   393 ||   799
       Deflected         |       |       |       |     2 ||     2
Block: Other             |       |       |    16 |   110 ||   126

Table legend:
 A = Non-vault XP
 B = Vault XP
 C = Vault XP percentage of total XP
 D = Non-vault monster count
 E = Vault monster count
 F = Vault count percentage of total count
                 A         B        C        D         E       F
            +---------+---------+-------+---------+---------+-------
      Total |   19869 |   12421 |  38.5 |     268 |      47 |  14.9
            +---------+---------+-------+---------+---------+-------
        D:1 |      61 |       0 |   0.0 |      26 |       0 |   0.0
        D:2 |      46 |       0 |   0.0 |      16 |       0 |   0.0
        D:3 |      13 |     277 |  95.5 |       8 |       1 |  11.1
        D:4 |     470 |       0 |   0.0 |      22 |       0 |   0.0
        D:5 |     538 |       0 |   0.0 |      19 |       0 |   0.0
        D:6 |     923 |       0 |   0.0 |      19 |       0 |   0.0
        D:7 |    1400 |    1954 |  58.3 |      36 |       7 |  16.3
        D:8 |    1024 |       0 |   0.0 |      14 |       0 |   0.0
        D:9 |    2144 |     940 |  30.5 |      19 |       4 |  17.4
       D:10 |    2032 |    3152 |  60.8 |      23 |      13 |  36.1
       D:11 |    3070 |    3783 |  55.2 |      22 |      19 |  46.3
       D:12 |    6964 |     690 |   9.0 |      38 |       2 |   5.0
       D:13 |    1184 |    1625 |  57.8 |       6 |       1 |  14.3
            +---------+---------+-------+---------+---------+-------
